Map: Deathaura LE

Players

TLHarstem (Harstem) - Winner!

  • Race: Protoss Protoss
  • League: Master
  • Spawn Location: 11:00

Couguar

  • Race: Protoss Protoss
  • League: Grandmaster
  • Spawn Location: 5:00

Event: DreamHack SC2 Masters 2020 Fall

VOD

Have the link to the VOD?

Description

Time

  • Played on: Sept. 2, 2020, 12:40 p.m.
  • Length: 12:00

All games in this series

Show
View Real Time Build Order
Export as new Build Order

TLHarstem Protoss - Winner!

Build Orders: Phoenix Opening 

Get SALT Encoding   

  12  0:00  Probe  
  13  0:12  Probe  
  14  0:17  Pylon  
  14  0:24  Probe  
  15  0:35  Gateway  
  15  0:37  Probe (Chrono Boost)  
  16  0:46  Assimilator, Probe (Chrono Boost)  
  17  0:50  Assimilator  
  17  0:52  Probe  
  18  1:07  Gateway, Probe  
  19  1:19  Probe  
  19  1:24  Cybernetics Core  
  20  1:31  Probe  
  21  1:39  Pylon  
  21  1:43  Probe  
  22  1:55  Probe  
  22  2:00  Warp Gate (Chrono Boost), Stalker  
  25  2:02  Stalker  
  25  2:07  Probe  
  28  2:11  Pylon  
  28  2:19  Probe  
  29  2:31  Sentry, Probe  
  29  2:32  Stalker  
  34  2:47  Pylon  
  33  2:57  Nexus  
  33  2:59  Sentry  
  33  3:03  Phoenix  
  35  3:06  Stalker  
  35  3:10  Probe  
  38  3:16  Pylon  
  38  3:23  Probe  
  39  3:34  Shield Battery  
  39  3:35  Probe  
  40  3:42  Sentry  
  40  3:47  Probe  
  43  3:49  Twilight Council  
  43  3:51  Phoenix  
  43  3:57  Robotics Facility  
  43  3:59  Probe (Chrono Boost)  
  44  4:09  Forge  
  46  4:10  Probe (Chrono Boost)  
  46  4:12  Probe (Chrono Boost)  
  47  4:19  Probe x2 (Chrono Boost)  
  47  4:23  Stalker  
  50  4:24  Probe (Chrono Boost)  
  50  4:26  Probe  
  52  4:32  Stalker  
  52  4:34  Phoenix  
  52  4:35  Shield Battery  
  52  4:36  Probe  
  52  4:38  Probe  
  56  4:41  Blink  
  56  4:48  Assimilator, Probe  
  56  4:50  Probe  
  58  4:57  Protoss Ground Weapons Level 1 (Chrono Boost)  
  58  5:00  Probe  
  58  5:05  Probe  
  60  5:07  Pylon  
  60  5:12  Probe  
  61  5:15  Nexus  
  61  5:17  Probe  
  62  5:25  Pylon, Observer, Probe  
  64  5:29  Probe  
  64  5:30  Shield Battery  
  65  5:37  Probe  
  65  5:41  Probe  
  65  5:43  Phoenix  
  65  5:44  Gateway  
  65  5:49  Gateway, Probe  
  66  5:53  Probe  
  66  5:54  Gateway  
  66  5:55  Gateway  
  67  6:00  Stalker  
  67  6:01  Probe  
  70  6:05  Probe  
  70  6:06  Pylon  
  71  6:11  Stalker  
  71  6:13  Probe  
  71  6:14  Observer  
  71  6:17  Probe  
  76  6:25  Probe, Pylon, Stalker  
  78  6:29  Pylon  
  78  6:30  Probe  
  80  6:34  Probe  
  80  6:38  Probe  
  82  6:41  Stalker x2  
  82  6:45  Photon Cannon  
  86  6:47  Stalker  
  86  6:48  Probe  
  86  6:49  Stalker  
  86  6:51  Protoss Ground Weapons Level 2 (Chrono Boost)  
  86  6:52  Charge  
  92  7:02  Stalker x2  
  92  7:03  Probe  
  96  7:18  Nexus, Stalker  
  96  7:19  Pylon, Probe  
  99  7:29  Probe  
  100  7:32  Probe  
  100  7:35  Robotics Bay, Photon Cannon  
  100  7:36  Stalker x2  
  106  7:37  Photon Cannon  
  106  7:39  Assimilator  
  105  7:47  Zealot x4  
  111  7:55  Probe x2  
  111  7:59  Probe  
  111  8:00  Photon Cannon  
  111  8:02  Shield Battery, Pylon  
  112  8:07  Probe  
  112  8:08  Stalker x2  
  117  8:15  Zealot x2, Stalker  
  117  8:17  Robotics Facility  
  117  8:19  Probe  
  125  8:20  Probe  
  125  8:26  Pylon  
  125  8:28  Disruptor (Chrono Boost), Probe  
  129  8:38  Pylon  
  129  8:46  Pylon  
  127  8:49  Stalker x6  
  127  8:52  Disruptor (Chrono Boost)  
  139  8:57  Photon Cannon x2, Probe x3  
  145  9:10  Shield Battery, Probe  
  145  9:12  Zealot x2  
  145  9:14  Assimilator  
  145  9:17  Pylon  
  153  9:22  Assimilator  
  153  9:23  Disruptor (Chrono Boost)  
  153  9:27  Probe  
  153  9:29  Probe  
  153  9:30  Zealot x4  
  163  9:39  Disruptor  
  163  9:43  Zealot  
  163  9:44  Zealot, Probe  
  171  9:47  Gateway  
  171  9:50  Gateway  
  171  10:03  Nexus  
  169  10:07  Zealot x5, Photon Cannon  
  179  10:14  Disruptor  
  171  10:33  Stalker x6  
  173  10:40  Disruptor  
  173  10:45  Photon Cannon  
  173  10:47  Probe  
  173  10:49  Photon Cannon  
  174  10:50  Zealot x2, Pylon  
  174  10:56  Disruptor  
  179  11:04  Observer  
  165  11:20  Stalker x6  
  165  11:21  Stalker x2  
  165  11:22  Probe  
  165  11:23  Probe  
  165  11:25  Dark Shrine  
  183  11:32  Observer  
  179  11:49  Zealot x8  
Show
View Real Time Build Order
Export as new Build Order

Couguar Protoss 

Build Orders:  

Get SALT Encoding   

  12  0:01  Probe  
  13  0:13  Probe  
  14  0:17  Pylon  
  14  0:25  Probe (Chrono Boost)  
  15  0:37  Probe (Chrono Boost)  
  15  0:38  Gateway  
  16  0:46  Probe (Chrono Boost)  
  17  0:50  Assimilator  
  17  0:51  Probe  
  18  1:01  Assimilator  
  18  1:03  Probe  
  19  1:08  Pylon  
  19  1:15  Probe  
  20  1:26  Gateway  
  20  1:29  Probe (Chrono Boost)  
  20  1:30  Cybernetics Core  
  21  1:39  Pylon  
  22  1:41  Probe (Chrono Boost)  
  22  1:47  Probe (Chrono Boost)  
  23  1:57  Probe  
  24  2:07  Stalker  
  26  2:09  Warp Gate  
  26  2:10  Pylon  
  26  2:13  Stalker  
  28  2:16  Probe  
  29  2:24  Pylon  
  29  2:28  Probe  
  30  2:38  Stalker  
  30  2:42  Probe  
  30  2:43  Stalker  
  35  2:54  Probe  
  36  3:08  Nexus  
  36  3:12  Probe  
  37  3:16  Pylon  
  37  3:27  Twilight Council  
  37  3:30  Pylon  
  37  3:33  Probe  
  38  3:45  Probe  
  38  3:48  Forge  
  39  3:56  Sentry  
  39  3:57  Sentry, Probe (Chrono Boost)  
  39  4:01  Blink (Chrono Boost)  
  44  4:08  Probe (Chrono Boost)  
  45  4:11  Gateway  
  45  4:16  Probe  
  45  4:21  Probe  
  45  4:23  Protoss Ground Weapons Level 1 (Chrono Boost)  
  47  4:29  Probe  
  48  4:34  Robotics Facility  
  48  4:35  Probe  
  49  4:39  Adept  
  49  4:40  Adept  
  49  4:45  Probe (Chrono Boost), Pylon  
  54  4:48  Probe (Chrono Boost)  
  55  4:53  Assimilator  
  55  4:58  Gateway, Probe (Chrono Boost)  
  56  5:01  Probe (Chrono Boost)  
  56  5:06  Probe (Chrono Boost)  
  59  5:15  Probe x2 (Chrono Boost)  
  59  5:16  Stalker x2  
  64  5:22  Observer, Probe  
  66  5:33  Probe  
  67  5:40  Probe  
  67  5:41  Nexus  
  64  5:44  Pylon  
  64  5:46  Immortal (Chrono Boost)  
  68  5:50  Pylon  
  68  5:53  Pylon  
  68  5:54  Probe  
  69  5:58  Probe  
  69  6:00  Charge  
  69  6:04  Shield Battery  
  70  6:06  Shield Battery  
  70  6:07  Probe  
  71  6:11  Probe  
  72  6:20  Gateway  
  72  6:23  Immortal (Chrono Boost)  
  72  6:25  Probe  
  77  6:27  Gateway  
  77  6:36  Gateway  
  77  6:38  Probe  
  77  6:39  Probe  
  79  6:40  Gateway  
  79  6:44  Protoss Ground Weapons Level 2  
  79  6:50  Probe  
  79  6:51  Probe  
  79  6:52  Photon Cannon  
  81  6:57  Observer  
  81  6:59  Pylon  
  83  7:01  Probe (Chrono Boost)  
  83  7:02  Probe (Chrono Boost)  
  83  7:03  Probe (Chrono Boost)  
  83  7:04  Pylon  
  85  7:11  Assimilator  
  85  7:12  Pylon  
  85  7:13  Probe x2 (Chrono Boost)  
  87  7:20  Dark Shrine  
  87  7:22  Zealot x2, Shield Battery  
  89  7:31  Stalker x2  
  89  7:32  Stalker  
  89  7:35  Probe  
  94  7:40  Photon Cannon  
  94  7:43  Assimilator  
  92  7:55  Stalker x6  
  92  7:58  Probe  
  105  8:01  Photon Cannon  
  105  8:05  Robotics Facility  
  105  8:06  Robotics Bay  
  105  8:08  Probe  
  105  8:10  Shield Battery  
  106  8:13  Pylon, Probe  
  106  8:16  Stalker  
  110  8:20  Probe  
  110  8:22  Assimilator  
  110  8:23  Pylon  
  110  8:27  Zealot  
  110  8:29  Zealot  
  110  8:34  Observer  
  115  8:37  Stalker x2  
  115  8:38  Stalker  
  121  8:53  Disruptor (Chrono Boost), Nexus  
  121  8:54  Disruptor (Chrono Boost)  
  121  8:55  Gravitic Boosters  
  127  8:59  Gateway  
  127  9:08  Probe  
  128  9:11  Pylon  
  128  9:14  Pylon  
  128  9:21  Disruptor (Chrono Boost), Observer (Chrono Boost)  
  128  9:22  Stalker  
  128  9:23  Zealot x2  
  137  9:30  Zealot x3  
  130  9:41  Disruptor  
  130  9:44  Zealot x3  
  130  9:50  Zealot  
  130  9:51  Zealot  
  130  9:52  Probe  
  134  9:56  Disruptor  
  136  10:04  Zealot  
  132  10:10  Stalker x3  
  138  10:17  Disruptor (Chrono Boost)  
  115  10:32  Observer (Chrono Boost)  
  102  10:38  Zealot x3  
  102  10:39  Zealot x5  
  117  10:49  Disruptor (Chrono Boost)  
  114  10:50  Disruptor (Chrono Boost)  
  112  11:04  Dark Templar  
  112  11:05  Zealot x7  
  116  11:18  Disruptor x2  
  112  11:26  Probe  
  112  11:27  Photon Cannon  
  112  11:30  Zealot x7  
  123  11:38  Probe  
  88  11:43  Stalker  
  83  11:51  Stalker x5  
  83  11:52  Stalker x2  

Tags
 
Add a new tag
Caveats
  • Supply blocks, unpowered buildings, or Contaminate may cause inaccurate times.
  • Supply counts are checked every 10 seconds.